Canucks vs Lightning
Created - March 24, 2020 at 20:06
Goals
|
| Canucks |
1 |
0 |
3 |
4 |
| Lightning |
0 |
3 |
2 |
5 |
|
Shots
|
| Canucks |
10 |
8 |
19 |
37 |
| Lightning |
5 |
10 |
14 |
29 |
|
1st period
1. Canucks , Marc Savard 13 (Loui Eriksson 23, Ben Lovejoy 20) at 8:22 (PP)
Penalties :
Kris Versteeg (TB.) for Hooking (Minor) at 7:47, Joni Pitkanen (TB.) for Hooking (Minor) at 11:02, Henrik Zetterberg (TB.) for Tripping (Minor) at 16:28
2nd period
2. Lightning , Jaden Schwartz 15 (Jon Merrill 18, Patrick Kaleta 15) at 1:33
3. Lightning , Mark Scheifele 9 (Patrick Kaleta 16) at 3:14
4. Lightning , Joni Pitkanen 6 (Patrick Kaleta 17, Jaden Schwartz 36) at 12:00 (PP)
Penalties :
Andrei Kostitsyn (Van) for Goalie Interference (Minor) at 11:08, Patrick Marleau (TB.) for Slashing (Minor) at 16:34
3rd period
5. Canucks , Nick Palmieri 31 (Robert Nilsson 41, Andrei Kostitsyn 15) at 0:16
6. Lightning , Justin Schultz 3 (Patrick Kaleta 18, Mark Scheifele 19) at 5:26 (PP)
7. Lightning , Henrik Zetterberg 32 (Tyler Johnson 39, Kris Versteeg 27) at 5:56
8. Canucks , Robert Nilsson 23 (Andrei Kostitsyn 16) at 15:15 (PP)
9. Canucks , Nick Palmieri 32 (Robert Nilsson 42) at 15:27
Penalties :
Nick Palmieri (Van) for Tripping (Minor) at 5:18, Pierre-Luc Létourneau (TB.) for Cross-checking (Minor) at 15:11, Henrik Zetterberg (TB.) for Boarding (Minor) at 15:30
Goalie Stats
Jacob Markstrom (Van), 24 saves from 29 shots - (0.828), L, 23-28-5, 59:18 minutes
Jhonas Enroth (TB.), 33 saves from 37 shots - (0.892), W, 4-2-0, 60:00 minutes
Players Stats for Canucks
Player Name G A P +/- PIM S H SB GA TA FO MP PP MP PK MP
------------------------------------------------------------------------------------
Andrei Kostitsyn 0 2 2 1 2 0 4 0 1 0 2/2 20:43 4:49 0:08
Andy Rogers 0 0 0 -2 0 0 1 3 0 1 0/0 19:26 2:51 0:13
Ben Lovejoy 0 1 1 -2 0 2 1 1 0 0 0/0 19:26 2:51 0:13
Brad Boyes 0 0 0 -2 0 6 2 0 1 0 0/0 18:09 3:39 0:00
Brandon Saad 0 0 0 0 0 0 0 0 0 0 0/0 4:27 0:00 0:00
Brandon Sutter 0 0 0 0 0 1 1 1 1 1 5/10 15:48 0:07 0:00
Drew Fata 0 0 0 1 0 3 1 1 1 1 0/0 27:36 5:44 0:47
Jack Skille 0 0 0 0 0 0 1 0 0 0 1/1 1:48 0:14 0:00
Jamie McBain 0 0 0 1 0 2 1 0 1 0 0/0 27:36 5:44 0:47
Jason Zucker 0 0 0 0 0 4 0 1 0 0 0/0 15:41 0:00 0:00
Jeremy Morin 0 0 0 0 0 5 2 0 0 0 0/0 15:54 0:00 0:13
Jesper Fast 0 0 0 0 0 0 1 0 0 0 0/0 4:27 0:00 0:00
Jonathan Blum 0 0 0 0 0 1 0 2 0 1 0/0 12:58 0:00 0:00
Jordie Benn 0 0 0 0 0 0 1 0 0 1 0/0 12:58 0:00 0:00
Loui Eriksson 0 1 1 -2 0 3 0 0 1 0 0/1 18:09 3:39 0:00
Marc Savard 1 0 1 -2 0 2 0 0 1 0 9/15 18:22 3:39 0:13
Nick Palmieri 2 0 2 1 2 6 3 0 0 0 0/0 21:14 4:49 0:39
Robert Nilsson 1 2 3 1 0 2 1 0 2 1 15/34 24:16 4:49 0:47
Players Stats for Lightning
Player Name G A P +/- PIM S H SB GA TA FO MP PP MP PK MP
------------------------------------------------------------------------------------
Alex Goligoski 0 0 0 0 0 1 0 2 0 0 0/0 27:28 0:52 4:56
Brendan Bell 0 0 0 0 0 0 1 1 0 2 0/0 13:13 0:00 0:00
Henrik Zetterberg 1 0 1 -1 4 3 0 0 1 1 2/2 21:40 0:20 2:45
Jaden Schwartz 1 1 2 2 0 5 3 1 0 0 0/0 18:43 0:40 2:05
James Wright 0 0 0 0 0 0 4 0 0 0 1/2 11:03 0:00 0:00
Jon Merrill 0 1 1 1 0 2 1 0 1 2 0/0 19:19 0:08 3:39
Joni Pitkanen 1 0 1 0 2 2 4 4 1 0 0/0 23:17 0:52 3:38
Justin Schultz 1 0 1 1 0 5 0 1 0 2 0/0 19:19 0:08 3:39
Kris Versteeg 0 1 1 -1 2 2 0 0 0 0 2/7 24:42 0:20 3:50
Mark Scheifele 1 1 2 2 0 3 3 0 1 0 9/14 17:53 0:40 1:14
Patrick Kaleta 0 4 4 2 0 3 0 0 0 0 0/0 18:38 0:40 2:00
Patrick Marleau 0 0 0 0 2 0 0 0 0 0 0/1 11:53 0:00 0:47
Pierre-Luc Létourneau 0 0 0 0 2 0 1 0 0 0 0/1 7:32 0:00 2:29
Rasmus Ristolainen 0 0 0 0 0 0 1 1 0 1 0/0 14:00 0:00 0:47
Scottie Upshall 0 0 0 0 0 0 1 0 0 1 0/0 4:47 0:00 0:00
Theo Peckham 0 0 0 0 0 0 0 0 0 0 0/0 3:23 0:00 0:31
Tyler Johnson 0 1 1 -1 0 1 0 1 1 0 17/35 20:57 0:20 2:00
Tyler Toffoli 0 0 0 0 0 2 1 0 1 0 0/1 13:32 0:00 0:00
3 Stars
1 - Patrick Kaleta (TB.)
2 - Jaden Schwartz (TB.)
3 - Mark Scheifele (TB.)
Power Play
Canucks - 2 on 6 Attempt(s) - 33.33%
Lightning - 2 on 2 Attempt(s) - 100.00%
Penalty Kill
Canucks - 0 on 2 Attempt(s) - 0.00%
- Score 0 goal in Penalty Kill
Lightning - 4 on 6 Attempt(s) - 66.67%
- Score 0 goal in Penalty Kill
Team Stat
Canucks - Hits : 20 - Faceoff Wins : 32 - Blocked Shots : 9 - Penalty Minutes : 4
Lightning - Hits : 20 - Faceoff Wins : 31 - Blocked Shots : 11 - Penalty Minutes : 12
Official
Referees : Unknown
Linesman : Unknown
Game Notes
No Game Note
Finance
Level 1 -- Attendance: 4934 (82.23%) -- Ticket Income $567,410
Level 2 -- Attendance: 5000 (100.00%) -- Ticket Income $320,000
Level 3 -- Attendance: 1644 (82.20%) -- Ticket Income $72,336
Level 4 -- Attendance: 2337 (58.43%) -- Ticket Income $93,480
Luxury Box -- Attendance: 644 (64.40%) -- Ticket Income $138,460
Game was played at the Tampa Bay Stadium.
Total Attendance: 14559 (80.88%)
Total Ticket Income: $1,191,686
Other Income: $178,753
Total Income: $1,370,439
Canucks
5 vs 5 Forward
Center Left Wing Right Wing Time % Phy DF OF
1 Robert Nilsson Andrei Kostitsyn Nick Palmieri 40 1 2 2
2 Marc Savard Loui Eriksson Brad Boyes 30 1 2 2
3 Brandon Sutter Jason Zucker Jeremy Morin 20 1 2 2
4 Robert Nilsson Brandon Saad Jesper Fast 10 1 2 2
5 vs 5 Defense
Defense Defense Time % Phy DF OF
1 Jamie McBain Drew Fata 40 1 2 2
2 Ben Lovejoy Andy Rogers 30 1 2 2
3 Jonathan Blum Jordie Benn 20 1 2 2
4 Jamie McBain Drew Fata 10 1 2 2
PowerPlay Forward
Center Left Wing Right Wing Time % Phy DF OF
1 Robert Nilsson Andrei Kostitsyn Nick Palmieri 60 1 2 2
2 Marc Savard Loui Eriksson Brad Boyes 40 1 2 2
PowerPlay Defense
Defense Defense Time % Phy DF OF
1 Jamie McBain Drew Fata 60 1 2 2
2 Ben Lovejoy Andy Rogers 40 1 2 2
Penalty Kill 4 Players Forward
Center Wing Time % Phy DF OF
1 Robert Nilsson Nick Palmieri 60 1 2 2
2 Andrei Kostitsyn Marc Savard 40 1 2 2
Penalty Kill 4 Players Defense
Defense Defense Time % Phy DF OF
1 Jamie McBain Drew Fata 60 1 2 2
2 Ben Lovejoy Andy Rogers 40 1 2 2
Penalty Kill - 3 Players Forward
Forward Time % Phy DF OF
1 Robert Nilsson 60 1 2 2
2 Nick Palmieri 40 1 2 2
Penalty Kill - 3 Players Defense
Defense Defense Time % Phy DF OF
1 Jamie McBain Drew Fata 60 1 2 2
2 Ben Lovejoy Andy Rogers 40 1 2 2
4 vs 4 Forward
Center Wing Time % Phy DF OF
1 Robert Nilsson Nick Palmieri 60 1 2 2
2 Andrei Kostitsyn Marc Savard 40 1 2 2
4 vs 4 Defense
Defense Defense Time % Phy DF OF
1 Jamie McBain Drew Fata 60 1 2 2
2 Ben Lovejoy Andy Rogers 40 1 2 2
Last Minutes Offensive
Center Left Wing Right Wing Defense Defense
Robert Nilsson Andrei Kostitsyn Nick Palmieri Jamie McBain Drew Fata
Last Minutes Defensive
Center Left Wing Right Wing Defense Defense
Robert Nilsson Andrei Kostitsyn Nick Palmieri Jamie McBain Drew Fata
Goaltenders
Starting : Jacob Markstrom
Backup : Martin Jones
Extra Forwards
Normal : Jack Skille, Brandon Sutter, Jeremy Morin - PP : Jack Skille, Brandon Sutter - PK : Jeremy Morin
Extra Defensemen
Normal : Jonathan Blum, Jordie Benn, Ben Lovejoy - PP : Jonathan Blum - PK : Jordie Benn, Ben Lovejoy
Penalty Shots
Robert Nilsson, Nick Palmieri, Andrei Kostitsyn, Marc Savard, Loui Eriksson
Scratches
Kurtis Foster (Bruised Left Shoulder Injury), Colton Gillies (Healthy)
Lightning
5 vs 5 Forward
Center Left Wing Right Wing Time % Phy DF OF
1 Tyler Johnson Henrik Zetterberg Kris Versteeg 40 1 2 2
2 Mark Scheifele Jaden Schwartz Patrick Kaleta 30 1 2 2
3 James Wright Patrick Marleau Tyler Toffoli 20 1 2 2
4 Kris Versteeg Pierre-Luc Létourneau Scottie Upshall 10 1 2 2
5 vs 5 Defense
Defense Defense Time % Phy DF OF
1 Alex Goligoski Joni Pitkanen 40 1 2 2
2 Justin Schultz Jon Merrill 30 1 2 2
3 Brendan Bell Rasmus Ristolainen 20 1 2 2
4 Theo Peckham Alex Goligoski 10 1 2 2
PowerPlay Forward
Center Left Wing Right Wing Time % Phy DF OF
1 Tyler Johnson Henrik Zetterberg Kris Versteeg 60 1 2 2
2 Mark Scheifele Jaden Schwartz Patrick Kaleta 40 1 2 2
PowerPlay Defense
Defense Defense Time % Phy DF OF
1 Alex Goligoski Joni Pitkanen 60 1 2 2
2 Justin Schultz Jon Merrill 40 1 2 2
Penalty Kill 4 Players Forward
Center Wing Time % Phy DF OF
1 Kris Versteeg Henrik Zetterberg 60 1 2 2
2 Tyler Johnson Patrick Kaleta 40 1 2 2
Penalty Kill 4 Players Defense
Defense Defense Time % Phy DF OF
1 Alex Goligoski Joni Pitkanen 60 1 2 2
2 Justin Schultz Jon Merrill 40 1 2 2
Penalty Kill - 3 Players Forward
Forward Time % Phy DF OF
1 Kris Versteeg 60 1 2 2
2 Henrik Zetterberg 40 1 2 2
Penalty Kill - 3 Players Defense
Defense Defense Time % Phy DF OF
1 Alex Goligoski Joni Pitkanen 60 1 2 2
2 Justin Schultz Jon Merrill 40 1 2 2
4 vs 4 Forward
Center Wing Time % Phy DF OF
1 Kris Versteeg Henrik Zetterberg 60 1 2 2
2 Tyler Johnson Patrick Kaleta 40 1 2 2
4 vs 4 Defense
Defense Defense Time % Phy DF OF
1 Alex Goligoski Joni Pitkanen 60 1 2 2
2 Justin Schultz Jon Merrill 40 1 2 2
Last Minutes Offensive
Center Left Wing Right Wing Defense Defense
Tyler Johnson Henrik Zetterberg Kris Versteeg Alex Goligoski Joni Pitkanen
Last Minutes Defensive
Center Left Wing Right Wing Defense Defense
Tyler Johnson Henrik Zetterberg Kris Versteeg Alex Goligoski Joni Pitkanen
Goaltenders
Starting : Jhonas Enroth
Backup : Philipp Grubauer
Extra Forwards
Normal : Tyler Toffoli, Patrick Marleau, Pierre-Luc Létourneau - PP : Tyler Toffoli, Patrick Marleau - PK : Pierre-Luc Létourneau
Extra Defensemen
Normal : Brendan Bell, Rasmus Ristolainen, Theo Peckham - PP : Brendan Bell - PK : Rasmus Ristolainen, Theo Peckham
Penalty Shots
Kris Versteeg, Henrik Zetterberg, Tyler Johnson, Patrick Kaleta, Tyler Toffoli
Scratches
Darren Helm (Healthy), Mikael Backlund (Healthy), Andrew Hammond (Healthy)
% Time on Ice - Canucks
Lines # - Real PCT - Wanted PCT - Time Play
Normal Forward
1 - 31% - 40% - 15:47
2 - 29% - 30% - 14:30
3 - 31% - 20% - 15:41
4 - 9% - 10% - 4:27
Normal Defense
1 - 37% - 40% - 18:47
2 - 32% - 30% - 16:22
3 - 26% - 20% - 12:58
4 - 5% - 10% - 2:18
PP Forward
1 - 57% - 60% - 4:56
2 - 43% - 40% - 3:39
PP Defense
1 - 67% - 60% - 5:44
2 - 33% - 40% - 2:51
PK Forward
1 - 78% - 60% - 0:47
2 - 22% - 40% - 0:13
PK Defense
1 - 78% - 60% - 0:47
2 - 22% - 40% - 0:13
PK3 Forward
1 - 0% - 60%
2 - 0% - 40%
PK3 Defense
1 - 0% - 60%
2 - 0% - 40%
44 Forward
1 - 0% - 60%
2 - 0% - 40%
44 Defense
1 - 0% - 60%
2 - 0% - 40%
Last Minute Offensive - 0:00
Last Minute Defensive - 0:00
Total
Forward - 60:00
Defense - 60:00
|
% Time on Ice - Lightning
Lines # - Real PCT - Wanted PCT - Time Play
Normal Forward
1 - 37% - 40% - 18:37
2 - 32% - 30% - 15:58
3 - 22% - 20% - 11:03
4 - 9% - 10% - 4:47
Normal Defense
1 - 37% - 40% - 18:48
2 - 31% - 30% - 15:32
3 - 26% - 20% - 13:13
4 - 6% - 10% - 2:52
PP Forward
1 - 33% - 60% - 0:20
2 - 67% - 40% - 0:40
PP Defense
1 - 87% - 60% - 0:52
2 - 13% - 40% - 0:08
PK Forward
1 - 77% - 60% - 6:35
2 - 23% - 40% - 2:00
PK Defense
1 - 57% - 60% - 4:56
2 - 43% - 40% - 3:39
PK3 Forward
1 - 0% - 60%
2 - 0% - 40%
PK3 Defense
1 - 0% - 60%
2 - 0% - 40%
44 Forward
1 - 0% - 60%
2 - 0% - 40%
44 Defense
1 - 0% - 60%
2 - 0% - 40%
Last Minute Offensive - 0:00
Last Minute Defensive - 0:00
Total
Forward - 60:00
Defense - 60:00
|
Play-by-Play
1st period
0:01 of 1st period - Tyler Johnson wins face-off versus Robert Nilsson in neutral zone.
0:15 of 1st period - Slapshot by Nick Palmieri.
0:15 of 1st period - Stopped by Jhonas Enroth with a rebound.
0:38 of 1st period - Off-side.
0:39 of 1st period - Mark Scheifele wins face-off versus Marc Savard in neutral zone.
0:41 of 1st period - Off-side.
0:42 of 1st period - Mark Scheifele wins face-off versus Marc Savard in neutral zone.
0:53 of 1st period - Snap shot by Patrick Kaleta.
0:53 of 1st period - Stopped by Jacob Markstrom without a rebound.
0:54 of 1st period - Brandon Sutter wins face-off versus Kris Versteeg in Canucks zone.
1:43 of 1st period - Wrist shot by Jaden Schwartz.
1:43 of 1st period - Stopped by Jacob Markstrom without a rebound.
1:44 of 1st period - Marc Savard wins face-off versus Mark Scheifele in Canucks zone.
1:57 of 1st period - Wrist shot by Marc Savard.
1:57 of 1st period - Shot Blocked by Jaden Schwartz.
2:31 of 1st period - Wrist shot by Loui Eriksson.
2:31 of 1st period - Shot Misses the Net.
2:57 of 1st period - Snap shot by Loui Eriksson.
2:57 of 1st period - Stopped by Jhonas Enroth with a rebound.
2:59 of 1st period - Slapshot by Ben Lovejoy.
2:59 of 1st period - Deflect By Jon Merrill.
2:59 of 1st period - Stopped by Jhonas Enroth with a rebound.
3:01 of 1st period - Snap shot by Marc Savard.
3:01 of 1st period - Deflect By Jaden Schwartz.
3:01 of 1st period - Stopped by Jhonas Enroth with a rebound.
3:03 of 1st period - Wrist shot by Brad Boyes.
3:03 of 1st period - Stopped by Jhonas Enroth with a rebound.
3:05 of 1st period - Backhand shot by Ben Lovejoy.
3:05 of 1st period - Shot Misses the Net.
3:07 of 1st period - Wrist shot by Brad Boyes.
3:07 of 1st period - Stopped by Jhonas Enroth without a rebound.
3:08 of 1st period - Robert Nilsson wins face-off versus Tyler Johnson in Lightning zone.
3:15 of 1st period - Wrist shot by Robert Nilsson.
3:15 of 1st period - Shot Blocked by Joni Pitkanen.
3:35 of 1st period - Jamie McBain is hit by Joni Pitkanen and loses puck.
4:42 of 1st period - Alex Goligoski is hit by Jack Skille and loses puck.
5:35 of 1st period - Icing by Kris Versteeg.
5:36 of 1st period - Mark Scheifele wins face-off versus Marc Savard in Lightning zone.
5:42 of 1st period - Off-side.
5:43 of 1st period - Mark Scheifele wins face-off versus Robert Nilsson in neutral zone.
5:58 of 1st period - Patrick Kaleta is hit by Robert Nilsson.
6:24 of 1st period - Jason Zucker is hit by Mark Scheifele and loses puck.
6:41 of 1st period - Slapshot by Jaden Schwartz.
6:41 of 1st period - Stopped by Jacob Markstrom without a rebound.
6:42 of 1st period - Tyler Johnson wins face-off versus Robert Nilsson in Canucks zone.
6:46 of 1st period - Off-side.
6:47 of 1st period - Robert Nilsson wins face-off versus Tyler Johnson in neutral zone.
7:16 of 1st period - Snap shot by Tyler Toffoli.
7:16 of 1st period - Stopped by Jacob Markstrom with a rebound.
7:47 of 1st period - Minor Penalty to Kris Versteeg for Hooking.
7:48 of 1st period - Robert Nilsson wins face-off versus Pierre-Luc Létourneau in Lightning zone.
7:56 of 1st period - Slapshot by Jamie McBain.
7:56 of 1st period - Shot Blocked by Alex Goligoski.
7:58 of 1st period - Slapshot by Drew Fata.
7:58 of 1st period - Stopped by Jhonas Enroth with a rebound.
8:00 of 1st period - Wrist shot by Drew Fata.
8:00 of 1st period - Shot Blocked by Joni Pitkanen.
8:02 of 1st period - Slapshot by Jamie McBain.
8:02 of 1st period - Shot Blocked by Joni Pitkanen.
8:04 of 1st period - Slapshot by Drew Fata.
8:04 of 1st period - Shot Misses the Net.
8:20 of 1st period - Snap shot by Loui Eriksson.
8:20 of 1st period - Shot Misses the Net.
8:22 of 1st period - Snap shot by Marc Savard.
8:22 of 1st period - Goal by Marc Savard - Canucks : 1 - Lightning : 0.
8:23 of 1st period - Robert Nilsson wins face-off versus Tyler Johnson in neutral zone.
8:52 of 1st period - Wrist shot by Jaden Schwartz.
8:52 of 1st period - Shot Misses the Net.
9:12 of 1st period - Brendan Bell is hit by Andrei Kostitsyn and loses puck.
9:29 of 1st period - Slapshot by Jamie McBain.
9:29 of 1st period - Shot Misses the Net.
9:31 of 1st period - Snap shot by Drew Fata.
9:31 of 1st period - Deflect By Patrick Marleau.
9:31 of 1st period - Stopped by Jhonas Enroth without a rebound.
9:32 of 1st period - Marc Savard wins face-off versus Tyler Johnson in Lightning zone.
10:04 of 1st period - Wrist shot by Jeremy Morin.
10:04 of 1st period - Shot Misses the Net.
11:02 of 1st period - Minor Penalty to Joni Pitkanen for Hooking.
11:03 of 1st period - Henrik Zetterberg wins face-off versus Robert Nilsson in Lightning zone.
13:02 of 1st period - Penalty to Joni Pitkanen is over, Joni Pitkanen is back on ice.
13:14 of 1st period - Patrick Marleau is hit by Jeremy Morin and loses puck.
13:43 of 1st period - Drew Fata is hit by Rasmus Ristolainen and loses puck.
14:10 of 1st period - Jordie Benn is hit by Joni Pitkanen and loses puck.
14:59 of 1st period - Icing by Brandon Saad.
15:00 of 1st period - Marc Savard wins face-off versus Kris Versteeg in Canucks zone.
15:23 of 1st period - Jeremy Morin is hit by James Wright.
16:09 of 1st period - Kris Versteeg is hit by Andy Rogers and loses puck.
16:28 of 1st period - Minor Penalty to Henrik Zetterberg for Tripping.
16:29 of 1st period - Robert Nilsson wins face-off versus Kris Versteeg in Lightning zone.
16:42 of 1st period - Wrist shot by Robert Nilsson.
16:42 of 1st period - Shot Misses the Net.
16:44 of 1st period - Slapshot by Jamie McBain.
16:44 of 1st period - Stopped by Jhonas Enroth with a rebound.
17:54 of 1st period - Brad Boyes is hit by Pierre-Luc Létourneau.
18:28 of 1st period - Penalty to Henrik Zetterberg is over, Henrik Zetterberg is back on ice.
19:25 of 1st period - Marc Savard is hit by Brendan Bell and loses puck.
19:30 of 1st period - Wrist shot by Patrick Kaleta.
19:30 of 1st period - Stopped by Jacob Markstrom without a rebound.
19:31 of 1st period - Marc Savard wins face-off versus Mark Scheifele in Canucks zone.
Goals for this period are 1 for Canucks vs 0 for Lightning .
Shots for this period are 10 for Canucks vs 5 for Lightning .
2nd period
0:01 of 2nd period - Tyler Johnson wins face-off versus Robert Nilsson in neutral zone.
0:28 of 2nd period - Snap shot by Brad Boyes.
0:28 of 2nd period - Stopped by Jhonas Enroth without a rebound.
0:29 of 2nd period - Mark Scheifele wins face-off versus Loui Eriksson in Lightning zone.
1:23 of 2nd period - Wrist shot by Jaden Schwartz.
1:23 of 2nd period - Shot Blocked by Andy Rogers.
1:25 of 2nd period - Slapshot by Patrick Kaleta.
1:25 of 2nd period - Shot Misses the Net.
1:27 of 2nd period - Slapshot by Jon Merrill.
1:27 of 2nd period - Stopped by Jacob Markstrom with a rebound.
1:33 of 2nd period - Wrist shot by Jaden Schwartz.
1:33 of 2nd period - Goal by Jaden Schwartz - Canucks : 1 - Lightning : 1.
1:34 of 2nd period - Robert Nilsson wins face-off versus Tyler Johnson in neutral zone.
1:47 of 2nd period - Snap shot by Robert Nilsson.
1:47 of 2nd period - Shot Blocked by Tyler Johnson.
1:49 of 2nd period - Slapshot by Robert Nilsson.
1:49 of 2nd period - Deflect By Kris Versteeg.
1:49 of 2nd period - Shot Blocked by Joni Pitkanen.
1:49 of 2nd period - Puck is out of play.
1:50 of 2nd period - Tyler Johnson wins face-off versus Robert Nilsson in Lightning zone.
2:17 of 2nd period - Snap shot by Brandon Sutter.
2:17 of 2nd period - Stopped by Jhonas Enroth without a rebound.
2:18 of 2nd period - James Wright wins face-off versus Brandon Sutter in Lightning zone.
2:25 of 2nd period - Wrist shot by Justin Schultz.
2:25 of 2nd period - Stopped by Jacob Markstrom with a rebound.
2:27 of 2nd period - Slapshot by Jon Merrill.
2:27 of 2nd period - Deflect By Jeremy Morin.
2:27 of 2nd period - Stopped by Jacob Markstrom with a rebound.
2:33 of 2nd period - Slapshot by James Wright.
2:33 of 2nd period - Shot Blocked by Jason Zucker.
2:43 of 2nd period - Henrik Zetterberg is hit by Nick Palmieri.
2:58 of 2nd period - Justin Schultz is hit by Andrei Kostitsyn.
3:14 of 2nd period - Wrist shot by Mark Scheifele.
3:14 of 2nd period - Goal by Mark Scheifele - Canucks : 1 - Lightning : 2.
3:15 of 2nd period - Tyler Johnson wins face-off versus Robert Nilsson in neutral zone.
3:52 of 2nd period - Slapshot by Alex Goligoski.
3:52 of 2nd period - Shot Misses the Net.
4:08 of 2nd period - Snap shot by Mark Scheifele.
4:08 of 2nd period - Shot Misses the Net.
5:02 of 2nd period - Andy Rogers is hit by Jaden Schwartz and loses puck.
5:21 of 2nd period - Robert Nilsson is hit by Scottie Upshall and loses puck.
5:36 of 2nd period - Slapshot by Brad Boyes.
5:36 of 2nd period - Stopped by Jhonas Enroth with a rebound.
5:38 of 2nd period - Wrist shot by Brad Boyes.
5:38 of 2nd period - Shot Misses the Net.
5:48 of 2nd period - Wrist shot by Nick Palmieri.
5:48 of 2nd period - Stopped by Jhonas Enroth with a rebound.
6:30 of 2nd period - Wrist shot by Loui Eriksson.
6:30 of 2nd period - Stopped by Jhonas Enroth without a rebound.
6:31 of 2nd period - Marc Savard wins face-off versus Mark Scheifele in Lightning zone.
6:44 of 2nd period - Brad Boyes is hit by Mark Scheifele and loses puck.
6:55 of 2nd period - Jon Merrill is hit by Brad Boyes and loses puck.
7:20 of 2nd period - Slapshot by Jaden Schwartz.
7:20 of 2nd period - Stopped by Jacob Markstrom without a rebound.
7:21 of 2nd period - Robert Nilsson wins face-off versus Tyler Johnson in Canucks zone.
7:34 of 2nd period - Snap shot by Nick Palmieri.
7:34 of 2nd period - Stopped by Jhonas Enroth without a rebound.
7:35 of 2nd period - Andrei Kostitsyn wins face-off versus Tyler Johnson in Lightning zone.
8:02 of 2nd period - Andrei Kostitsyn is hit by James Wright and loses puck.
8:17 of 2nd period - Justin Schultz is hit by Drew Fata and loses puck.
9:50 of 2nd period - Off-side.
9:51 of 2nd period - Jack Skille wins face-off versus Tyler Johnson in neutral zone.
10:33 of 2nd period - Off-side.
10:34 of 2nd period - Mark Scheifele wins face-off versus Brandon Sutter in neutral zone.
10:45 of 2nd period - Wrist shot by Jason Zucker.
10:45 of 2nd period - Stopped by Jhonas Enroth with a rebound.
11:08 of 2nd period - Minor Penalty to Andrei Kostitsyn for Goalie Interference.
11:09 of 2nd period - Tyler Johnson wins face-off versus Robert Nilsson in Canucks zone.
11:58 of 2nd period - Snap shot by Patrick Kaleta.
11:58 of 2nd period - Stopped by Jacob Markstrom with a rebound.
12:00 of 2nd period - Slapshot by Joni Pitkanen.
12:00 of 2nd period - Goal by Joni Pitkanen - Canucks : 1 - Lightning : 3.
12:01 of 2nd period - Robert Nilsson wins face-off versus Tyler Johnson in neutral zone.
12:24 of 2nd period - Icing by Drew Fata.
12:25 of 2nd period - Marc Savard wins face-off versus James Wright in Canucks zone.
13:21 of 2nd period - Icing by Ben Lovejoy.
13:22 of 2nd period - Tyler Johnson wins face-off versus Brandon Sutter in Canucks zone.
13:33 of 2nd period - Wrist shot by Henrik Zetterberg.
13:33 of 2nd period - Shot Blocked by Andy Rogers.
13:35 of 2nd period - Wrist shot by Henrik Zetterberg.
13:35 of 2nd period - Shot Blocked by Andy Rogers.
13:37 of 2nd period - Slapshot by Jon Merrill.
13:37 of 2nd period - Shot Blocked by Brandon Sutter.
14:01 of 2nd period - Andrei Kostitsyn is hit by Jaden Schwartz and loses puck.
14:12 of 2nd period - Snap shot by Kris Versteeg.
14:12 of 2nd period - Shot Blocked by Ben Lovejoy.
14:35 of 2nd period - Snap shot by Brad Boyes.
14:35 of 2nd period - Stopped by Jhonas Enroth without a rebound.
14:36 of 2nd period - Marc Savard wins face-off versus Tyler Toffoli in Lightning zone.
14:51 of 2nd period - Slapshot by Jamie McBain.
14:51 of 2nd period - Shot Blocked by Brendan Bell.
15:02 of 2nd period - Brendan Bell is hit by Jamie McBain and loses puck.
15:17 of 2nd period - Wrist shot by Joni Pitkanen.
15:17 of 2nd period - Stopped by Jacob Markstrom with a rebound.
15:19 of 2nd period - Slapshot by Alex Goligoski.
15:19 of 2nd period - Stopped by Jacob Markstrom without a rebound.
15:20 of 2nd period - Tyler Johnson wins face-off versus Robert Nilsson in Canucks zone.
15:23 of 2nd period - Slapshot by Kris Versteeg.
15:23 of 2nd period - Shot Misses the Net.
15:25 of 2nd period - Slapshot by Alex Goligoski.
15:25 of 2nd period - Shot Blocked by Jonathan Blum.
15:47 of 2nd period - Joni Pitkanen is hit by Brandon Sutter and loses puck.
16:14 of 2nd period - Pierre-Luc Létourneau is hit by Jesper Fast and loses puck.
16:29 of 2nd period - Ben Lovejoy is hit by Tyler Toffoli.
16:34 of 2nd period - Minor Penalty to Patrick Marleau for Slashing.
16:35 of 2nd period - Robert Nilsson wins face-off versus Kris Versteeg in Lightning zone.
16:57 of 2nd period - Andrei Kostitsyn is hit by Joni Pitkanen.
17:05 of 2nd period - Slapshot by Robert Nilsson.
17:05 of 2nd period - Shot Misses the Net.
17:07 of 2nd period - Wrist shot by Andrei Kostitsyn.
17:07 of 2nd period - Shot Misses the Net.
17:09 of 2nd period - Snap shot by Nick Palmieri.
17:09 of 2nd period - Shot Misses the Net.
17:34 of 2nd period - Icing by Jamie McBain.
17:35 of 2nd period - Kris Versteeg wins face-off versus Robert Nilsson in Canucks zone.
17:54 of 2nd period - Jon Merrill is hit by Brad Boyes and loses puck.
18:34 of 2nd period - Penalty to Patrick Marleau is over, Patrick Marleau is back on ice.
18:52 of 2nd period - Icing by Brandon Sutter.
18:53 of 2nd period - Brandon Sutter wins face-off versus Mark Scheifele in Canucks zone.
19:04 of 2nd period - Wrist shot by Brandon Sutter.
19:04 of 2nd period - Shot Misses the Net.
19:48 of 2nd period - Slapshot by Alex Goligoski.
19:48 of 2nd period - Shot Blocked by Drew Fata.
Goals for this period are 0 for Canucks vs 3 for Lightning .
Shots for this period are 8 for Canucks vs 10 for Lightning .
3rd period
0:01 of 3rd period - Tyler Johnson wins face-off versus Robert Nilsson in neutral zone.
0:16 of 3rd period - Backhand shot by Nick Palmieri.
0:16 of 3rd period - Goal by Nick Palmieri - Canucks : 2 - Lightning : 3.
0:17 of 3rd period - Tyler Johnson wins face-off versus Robert Nilsson in neutral zone.
1:06 of 3rd period - Marc Savard is hit by Jaden Schwartz and loses puck.
1:17 of 3rd period - Snap shot by Mark Scheifele.
1:17 of 3rd period - Stopped by Jacob Markstrom with a rebound.
1:26 of 3rd period - Off-side.
1:27 of 3rd period - Tyler Johnson wins face-off versus Brandon Sutter in neutral zone.
1:34 of 3rd period - Wrist shot by Henrik Zetterberg.
1:34 of 3rd period - Deflect By Kris Versteeg.
1:34 of 3rd period - Shot Misses the Net.
1:34 of 3rd period - Puck is out of play.
1:35 of 3rd period - Marc Savard wins face-off versus Tyler Johnson in Canucks zone.
1:52 of 3rd period - Wrist shot by Loui Eriksson.
1:52 of 3rd period - Stopped by Jhonas Enroth with a rebound.
2:06 of 3rd period - Slapshot by Joni Pitkanen.
2:06 of 3rd period - Shot Blocked by Jonathan Blum.
2:34 of 3rd period - Slapshot by Justin Schultz.
2:34 of 3rd period - Stopped by Jacob Markstrom without a rebound.
2:35 of 3rd period - Tyler Johnson wins face-off versus Marc Savard in Canucks zone.
2:46 of 3rd period - Snap shot by Kris Versteeg.
2:46 of 3rd period - Stopped by Jacob Markstrom with a rebound.
3:02 of 3rd period - Justin Schultz is hit by Andrei Kostitsyn and loses puck.
3:31 of 3rd period - Wrist shot by Jeremy Morin.
3:31 of 3rd period - Deflect By Jason Zucker.
3:31 of 3rd period - Stopped by Jhonas Enroth without a rebound.
3:32 of 3rd period - Brandon Sutter wins face-off versus Tyler Johnson in Lightning zone.
3:35 of 3rd period - Snap shot by Brandon Sutter.
3:35 of 3rd period - Shot Misses the Net.
4:00 of 3rd period - Snap shot by Jason Zucker.
4:00 of 3rd period - Stopped by Jhonas Enroth with a rebound.
4:02 of 3rd period - Snap shot by Jason Zucker.
4:02 of 3rd period - Stopped by Jhonas Enroth with a rebound.
4:12 of 3rd period - Snap shot by Brandon Sutter.
4:12 of 3rd period - Shot Misses the Net.
4:18 of 3rd period - Slapshot by Jamie McBain.
4:18 of 3rd period - Shot Misses the Net.
4:20 of 3rd period - Slapshot by Drew Fata.
4:20 of 3rd period - Deflect By Henrik Zetterberg.
4:20 of 3rd period - Stopped by Jhonas Enroth with a rebound.
4:22 of 3rd period - Snap shot by Jeremy Morin.
4:22 of 3rd period - Shot Misses the Net.
4:48 of 3rd period - Snap shot by Kris Versteeg.
4:48 of 3rd period - Stopped by Jacob Markstrom with a rebound.
4:54 of 3rd period - Slapshot by Jamie McBain.
4:54 of 3rd period - Deflect By Alex Goligoski.
4:54 of 3rd period - Stopped by Jhonas Enroth without a rebound.
4:55 of 3rd period - Mark Scheifele wins face-off versus Robert Nilsson in Lightning zone.
5:18 of 3rd period - Minor Penalty to Nick Palmieri for Tripping.
5:19 of 3rd period - Mark Scheifele wins face-off versus Robert Nilsson in Canucks zone.
5:20 of 3rd period - Wrist shot by Jaden Schwartz.
5:20 of 3rd period - Stopped by Jacob Markstrom with a rebound.
5:22 of 3rd period - Snap shot by Mark Scheifele.
5:22 of 3rd period - Stopped by Jacob Markstrom with a rebound.
5:24 of 3rd period - Snap shot by Patrick Kaleta.
5:24 of 3rd period - Shot Misses the Net.
5:26 of 3rd period - Slapshot by Justin Schultz.
5:26 of 3rd period - Goal by Justin Schultz - Canucks : 2 - Lightning : 4.
5:27 of 3rd period - Tyler Johnson wins face-off versus Robert Nilsson in neutral zone.
5:40 of 3rd period - Snap shot by Henrik Zetterberg.
5:40 of 3rd period - Stopped by Jacob Markstrom without a rebound.
5:41 of 3rd period - Tyler Johnson wins face-off versus Robert Nilsson in Canucks zone.
5:44 of 3rd period - Snap shot by Tyler Johnson.
5:44 of 3rd period - Stopped by Jacob Markstrom with a rebound.
5:46 of 3rd period - Snap shot by Henrik Zetterberg.
5:46 of 3rd period - Shot Misses the Net.
5:54 of 3rd period - Snap shot by Tyler Johnson.
5:54 of 3rd period - Shot Hit the Post.
5:56 of 3rd period - Snap shot by Henrik Zetterberg.
5:56 of 3rd period - Goal by Henrik Zetterberg - Canucks : 2 - Lightning : 5.
5:57 of 3rd period - Andrei Kostitsyn wins face-off versus Tyler Johnson in neutral zone.
6:25 of 3rd period - Off-side.
6:26 of 3rd period - Mark Scheifele wins face-off versus Marc Savard in neutral zone.
6:29 of 3rd period - Slapshot by Justin Schultz.
6:29 of 3rd period - Stopped by Jacob Markstrom with a rebound.
6:35 of 3rd period - Jon Merrill is hit by Jordie Benn and loses puck.
6:52 of 3rd period - Jon Merrill is hit by Jeremy Morin and loses puck.
6:56 of 3rd period - Icing by Jon Merrill.
6:57 of 3rd period - Brandon Sutter wins face-off versus Mark Scheifele in Lightning zone.
6:58 of 3rd period - Snap shot by Jeremy Morin.
6:58 of 3rd period - Shot Misses the Net.
7:24 of 3rd period - Wrist shot by Jeremy Morin.
7:24 of 3rd period - Deflect By Patrick Kaleta.
7:24 of 3rd period - Stopped by Jhonas Enroth with a rebound.
7:26 of 3rd period - Wrist shot by Jeremy Morin.
7:26 of 3rd period - Stopped by Jhonas Enroth with a rebound.
7:28 of 3rd period - Snap shot by Ben Lovejoy.
7:28 of 3rd period - Shot Blocked by Justin Schultz.
7:30 of 3rd period - Wrist shot by Jeremy Morin.
7:30 of 3rd period - Stopped by Jhonas Enroth without a rebound.
7:31 of 3rd period - Robert Nilsson wins face-off versus Tyler Johnson in Lightning zone.
7:58 of 3rd period - Drew Fata is hit by James Wright.
8:02 of 3rd period - Backhand shot by Jamie McBain.
8:02 of 3rd period - Shot Blocked by Alex Goligoski.
8:04 of 3rd period - Wrist shot by Ben Lovejoy.
8:04 of 3rd period - Stopped by Jhonas Enroth without a rebound.
8:05 of 3rd period - Marc Savard wins face-off versus Patrick Marleau in Lightning zone.
8:34 of 3rd period - Wrist shot by Henrik Zetterberg.
8:34 of 3rd period - Stopped by Jacob Markstrom without a rebound.
8:35 of 3rd period - Henrik Zetterberg wins face-off versus Robert Nilsson in Canucks zone.
9:02 of 3rd period - Drew Fata is hit by Mark Scheifele and loses puck.
9:31 of 3rd period - Slapshot by Jamie McBain.
9:31 of 3rd period - Shot Blocked by Rasmus Ristolainen.
9:37 of 3rd period - Jamie McBain is hit by James Wright and loses puck.
9:51 of 3rd period - Jamie McBain is hit by Jon Merrill and loses puck.
10:25 of 3rd period - Off-side.
10:26 of 3rd period - Robert Nilsson wins face-off versus Tyler Johnson in neutral zone.
10:33 of 3rd period - Snap shot by Robert Nilsson.
10:33 of 3rd period - Stopped by Jhonas Enroth without a rebound.
10:34 of 3rd period - Robert Nilsson wins face-off versus Tyler Johnson in Lightning zone.
11:26 of 3rd period - Wrist shot by Brad Boyes.
11:26 of 3rd period - Stopped by Jhonas Enroth with a rebound.
11:46 of 3rd period - Scottie Upshall is hit by Ben Lovejoy and loses puck.
12:53 of 3rd period - Tyler Johnson is hit by Nick Palmieri and loses puck.
12:59 of 3rd period - Icing by Tyler Johnson.
13:00 of 3rd period - Tyler Johnson wins face-off versus Marc Savard in Lightning zone.
13:07 of 3rd period - Snap shot by Kris Versteeg.
13:07 of 3rd period - Shot Misses the Net.
13:09 of 3rd period - Slapshot by Justin Schultz.
13:09 of 3rd period - Stopped by Jacob Markstrom with a rebound.
13:27 of 3rd period - Wrist shot by Jeremy Morin.
13:27 of 3rd period - Shot Misses the Net.
14:49 of 3rd period - Slapshot by Tyler Toffoli.
14:49 of 3rd period - Stopped by Jacob Markstrom with a rebound.
15:11 of 3rd period - Minor Penalty to Pierre-Luc Létourneau for Cross-checking.
15:12 of 3rd period - Robert Nilsson wins face-off versus Kris Versteeg in Lightning zone.
15:15 of 3rd period - Snap shot by Robert Nilsson.
15:15 of 3rd period - Goal by Robert Nilsson - Canucks : 3 - Lightning : 5.
15:16 of 3rd period - Robert Nilsson wins face-off versus Tyler Johnson in neutral zone.
15:21 of 3rd period - Snap shot by Nick Palmieri.
15:21 of 3rd period - Shot Misses the Net.
15:23 of 3rd period - Snap shot by Nick Palmieri.
15:23 of 3rd period - Stopped by Jhonas Enroth without a rebound.
15:24 of 3rd period - Robert Nilsson wins face-off versus Tyler Johnson in Lightning zone.
15:27 of 3rd period - Snap shot by Nick Palmieri.
15:27 of 3rd period - Goal by Nick Palmieri - Canucks : 4 - Lightning : 5.
15:28 of 3rd period - Tyler Johnson wins face-off versus Robert Nilsson in neutral zone.
15:30 of 3rd period - Minor Penalty to Henrik Zetterberg for Boarding.
15:31 of 3rd period - Kris Versteeg wins face-off versus Robert Nilsson in Lightning zone.
15:31 of 3rd period - Kris Versteeg is hit by Nick Palmieri.
15:40 of 3rd period - Andrei Kostitsyn is hit by Joni Pitkanen and loses puck.
16:09 of 3rd period - Justin Schultz is hit by Andrei Kostitsyn.
17:30 of 3rd period - Penalty to Henrik Zetterberg is over, Henrik Zetterberg is back on ice.
17:37 of 3rd period - Snap shot by Jeremy Morin.
17:37 of 3rd period - Stopped by Jhonas Enroth without a rebound.
17:38 of 3rd period - Brandon Sutter wins face-off versus Tyler Johnson in Lightning zone.
17:39 of 3rd period - Wrist shot by Jonathan Blum.
17:39 of 3rd period - Stopped by Jhonas Enroth without a rebound.
17:40 of 3rd period - Tyler Johnson wins face-off versus Brandon Sutter in Lightning zone.
19:18 of 3rd period - Canucks, Jacob Markstrom is pulled from the net.
19:28 of 3rd period - Wrist shot by Jeremy Morin.
19:28 of 3rd period - Stopped by Jhonas Enroth with a rebound.
Goals for this period are 3 for Canucks vs 2 for Lightning .
Shots for this period are 19 for Canucks vs 14 for Lightning .
Back to the Top